 Dungeon Crawl Stone Soup version 0.22-a0-293-gc9362ec (webtiles) character file.

17 mhoghedin the Chiller (level 2, -3/17 (20) HPs)
             Began as a Ghoul Ice Elementalist on Mar 24, 2018.
             Slain by a gnoll (5 damage)
             ... on level 1 of the Dungeon.
             The game lasted 00:02:28 (1684 turns).

mhoghedin the Chiller (Ghoul Ice Elementalist)      Turns: 1684, Time: 00:02:29

HP:   -3/17 (20)    AC:  2    Str: 11    XL:     2   Next: 62%
MP:   3/3           EV: 12    Int: 10    God:
Gold: 24            SH:  0    Dex:  9    Spells: 3/4 levels left

rFire    . . .     SeeInvis .   a - +0 spear
rCold    + . .     Gourm    .   (no shield)
rNeg     + + +     Faith    .   h - +0 robe
rPois    ∞         Spirit   .   (no helmet)
rElec    .         Reflect  .   (no cloak)
rCorr    .         Harm     .   (no gloves)
MR       .....                  (no boots)
Stlth    ++........             (no amulet)
HPRegen  0.00/turn              (no ring)
MPRegen  0.08/turn              (no ring)

@: rotting
A: rotting body, claws 1, carnivore, cold resistance 1, negative energy
resistance 3, inhibited regeneration, torment resistance, unbreathing
a: no special abilities


You were on level 1 of the Dungeon.
You were not hungry.

You visited 1 branch of the dungeon, and saw 2 of its levels.

You collected 24 gold pieces.

Inventory:

Hand Weapons
 a - a +0 spear (weapon)
   (You found it on level 1 of the Dungeon)
 b - a +0 hunting sling
   (You found it on level 1 of the Dungeon)
Missiles
 d - a stone (quivered)
Armour
 h - a +0 robe (worn)
Scrolls
 e - a scroll of identify {unknown}
Potions
 f - a potion of brilliance {unknown}
 g - 2 potions of curing {unknown}
Comestibles
 c - a ration


   Skills:
 + Level 1.4 Slings
 - Level 1.7 Dodging
 - Level 2.1 Stealth
 - Level 1.7 Spellcasting
   Level 0.7 Conjurations
 - Level 3.7 Ice Magic


You had 3 spell levels left.
You knew the following spells:

 Your Spells              Type           Power        Failure   Level  Hunger
a - Freeze                Ice            #...         7%          1    ##.....


Dungeon Overview and Level Annotations

Branches:
Dungeon (2/15)

Altars:


Innate Abilities, Weirdness & Mutations

Your body is rotting away.
You thrive on raw meat.
You are immune to poison.
You have sharp fingernails.
You are carnivorous and can eat meat at any time.
Your flesh is cold resistant. (rC+)
You are immune to negative energy. (rN+++)
You do not regenerate when monsters are visible.
You are immune to unholy pain and torment.
You can survive without breathing.


Message History

You now have 2/3 mp.
Aim: a worm (moderately wounded)
You freeze the worm. The worm bites you!
You take 7 damage, and have 10/17 hp.
MASSIVE DAMAGE!!
You now have 1/3 mp.
Aim: a worm (heavily wounded)
You freeze the worm.
You now have 0/3 mp.
You barely miss the worm. The worm bites you.
* * * LOW HITPOINT WARNING * * *
You take 5 damage, and have 5/17 hp.
MASSIVE DAMAGE!!
There is a stone staircase leading up here.
You climb upwards.
There is a stone staircase leading down here.
You start resting.
You are feeling hungry.
You regained 8 hp, and now have 13/17 hp.
MP restored: 3 You start resting.
Health restored: 17 Unknown command.
You eat one of the 2 rations.
That ration really hit the spot!
There is an open door here.
There is an open door here.
There is a stone staircase leading down here.
You climb downwards.
A bat comes into view.
Found a scroll labeled IFORAE HIXTEA and 4 gold pieces.
Found a stone staircase leading up.
There is a stone staircase leading up here.
A bat is nearby!
Attack whom?
Aim: a bat (resting)
You reach to attack!
The helpless bat fails to defend itself.
You hit the bat. The bat hits you but does no damage.
You barely miss the bat. The bat hits you.
You take 1 damage, and have 16/17 hp.
Attack whom?
Aim: a bat (heavily wounded)
You reach to attack!
You miss the bat. The bat misses you.
Attack whom?
Aim: a bat (moderately wounded)
You reach to attack!
You hit the bat. The bat hits you but does no damage.
You closely miss the bat. The bat barely misses you.
A gnoll comes into view.
The bat barely misses you.
Attack whom?
Aim: a bat (moderately wounded)
You reach to attack!
You miss the bat. The bat hits you. The bat hits you but does no damage.
You take 1 damage, and have 15/17 hp.
You miss the bat. The bat misses you.
A gnoll comes into view. It is wielding a flail.
The bat closely misses you.
The gnoll shouts!
You hit the bat.
You kill the bat!
You hear a shout!
The gnoll throws a stone.
The stone closely misses you.
A gnoll comes into view.
The gnoll throws a stone.
The stone barely misses you.
The gnoll throws a stone.
The stone hits you.
You see here a stone.
Attack whom?
Aim: a gnoll You reach to attack!
The gnoll shouts!
You hit the gnoll.
You hear an angry hiss.
You hit the gnoll but do no damage. The gnoll hits you with a flail.
The gnoll misses you.
You closely miss the gnoll. The gnoll hits you.
You are too injured to fight recklessly!
You are too injured to fight recklessly!
You take 6 damage, and have 9/17 hp.
MASSIVE DAMAGE!!
The gnoll throws a stone.
The stone closely misses you.
A frilled lizard comes into view.
The gnoll throws a stone.
The stone hits you.
Things that are here:
a stone; a bat corpse You take 2 damage, and have 7/17 hp.
The gnoll throws a stone.
The stone completely misses you.
A gnoll comes into view. It is wielding a spear.
The gnoll shouts!
The gnoll hits you.
* * * LOW HITPOINT WARNING * * *
There is a stone staircase leading up here.
You see here a stone.
You take 5 damage, and have 2/17 hp.
MASSIVE DAMAGE!!
The gnoll closely misses you. The gnoll barely misses you.
The gnoll throws a stone.
The stone closely misses you.
You climb upwards.
There is a stone staircase leading down here.
The gnoll hits you.
You die...

..###'#.# #.#...........#
..#.....###.#.......#...#
###.....#.........#.#.#.#
..'.....#.#.#.###.#.#.#.#
###.....#.#.....#.#.#.#.#
###.....#.#...#.#.#.#.#.#
........#.#...#.#.#.#.#.#
#########.#...#.#g#.#.#.#
................@>#.#.#.#
###.#.##..#...###g#.#.#.#
.#.....#..###.....#.#.#.#
.#..####..#########.#.#.#
....................#.#.#
.#..#################.#.#
#.........## #.#.#
'..........# #.#.#
#..........# #.#.#


You could see 2 gnolls.

Vanquished Creatures
  An ooze (D:1)
  A leopard gecko (D:1)
  2 giant cockroaches (D:1)
  A goblin (D:1)
  A hobgoblin (D:1)
  A ball python (D:1)
  3 bats
  2 kobolds (D:1)
12 creatures vanquished.

Notes
Turn   | Place    | Note
-------+----------+-------------------------------------------
     0 | D:1      | mhoghedin the Ghoul Ice Elementalist began the quest for the Orb.
     0 | D:1      | Reached XP level 1. HP: 14/14 MP: 2/2
   352 | D:1      | HP: 3/14 [leopard gecko (2)]
   731 | D:1      | Reached XP level 2. HP: 18/18 MP: 0/3
   976 | D:1      | Reached skill level 1 in Slings
  1681 | D:2      | HP: 2/17 [gnoll (5)]
  1684 | D:1      | Slain by a gnoll

Vault maps used:
D:1:      sevenhm_arrival_forest_fort_large_4
D:2:      old_standard_altar, minmay_pentomino_v2

Skill      XL: |  1  2 |
---------------+-------+-----
Slings         | 1 |  1.4
Dodging        | |  1.7
Stealth        | |  2.1
Spellcasting   | |  1.7
Conjurations   | |  0.7
Ice Magic      | |  3.7

Action                   || total
-------------------------++-------
Melee: Unarmed           ||     1
       Spear             ||    13
 Fire: Hunting sling     ||    15
 Cast: Freeze            ||    18
 Stab: Sleeping          ||     1
  Eat: Ration            ||     2
Armor: Robe              ||     4
Dodge: Dodged            ||    28

Table legend:
 A = Spawn XP
 B = Non-spawn XP
 C = Spawn XP percentage of total XP
 D = Spawn monster count
 E = Non-spawn monster count
 F = Spawn count percentage of total count
 G = Total turns spent on level
                    A         B        C        D         E        F      G
               +---------+---------+-------+---------+---------+-------+---------
         Total |       0 |      25 |   0.0 |       0 |      12 |   0.0 |  1684
               +---------+---------+-------+---------+---------+-------+---------
           D:1 |       0 |      23 |   0.0 |       0 |      11 |   0.0 |  1646
           D:2 |       0 |       2 |   0.0 |       0 |       1 |   0.0 |    38
               +---------+---------+-------+---------+---------+-------+---------

Vault maps used:
D:1:      sevenhm_arrival_forest_fort_large_4
D:2:      old_standard_altar, minmay_pentomino_v2

Table legend:
 A = Turns spent in this place as a percentage of turns spent in the entire game.
 B = Non-inter-level travel turns spent in this place as a percentage of non-inter-level travel turns spent in the entire game.
 C = Inter-level travel turns spent in this place as a percentage of turns spent in this place.
 D = Turns resting spent in this place as a percentage of non-inter-level travel turns spent in this place.
 E = Turns spent auto-exploring this place as a percentage of non-inter-level travel turns spent in this place.
 F = Non-inter-level travel turns spent in this place divided by the number of levels of this place that you've seen.
                   A       B       C       D       E      F
               +-------+-------+-------+-------+-------+----------------------
         Total | 100.0 | 100.0 |   3.0 |  49.1 |  39.7 | 817.0
       Dungeon | 100.0 | 100.0 |   3.0 |  49.1 |  39.7 | 817.0
               +-------+-------+-------+-------+-------+----------------------

Table legend:
 A = Kills in this place as a percentage of kills in entire the game.
 B = Kills by you in this place as a percentage of kills by you in the entire game.
 C = Kills by friends in this place as a percentage of kills by friends in the entire game.
 D = Other kills in this place as a percentage of other kills in the entire game.
 E = Experience gained in this place as a percentage of experience gained in the entire game.
 F = Experience gained in this place divided by the number of levels of this place that you have seen.
                   A       B       C       D       E      F
               +-------+-------+-------+-------+-------+----------------------
         Total | 100.0 | 100.0 |   N/A |   N/A | 100.0 |  12.5
       Dungeon | 100.0 | 100.0 |   N/A |   N/A | 100.0 |  12.5
               +-------+-------+-------+-------+-------+----------------------
